 Dungeon Crawl Stone Soup version 0.31-a0-705-ga145531891 (webtiles) character file.

Game seed: 2993573329700955738

3406 dondy the Grappler (level 10, -1/76 HPs)
             Began as a Gnoll Shapeshifter on Sept 9, 2023.
             Was a Priest of Wu Jian.
             Slain by an orc warlord
             ... wielding a +7 battleaxe
              (11 damage)
             ... in a bailey.
             The game lasted 00:21:02 (7100 turns).

dondy the Grappler (Gnoll Shapeshifter)             Turns: 7100, Time: 00:21:03

Health: -1/76      AC:  9    Str: 15    XL:     10   Next: 4%
Magic:  17/17      EV: 19    Int: 13    God:    Wu Jian [***...]
Gold:   434        SH:  0    Dex: 11    Spells: 11/18 levels left

rFire   . .          .
                       - Unarmed
rCold   . . .        (shield currently unavailable)
rNeg    . . .        a - +0 animal skin
rPois   .            e - +0 helmet
rElec   .            t - +2 cloak
rCorr   .            i - +1 pair of gloves
SInv    .            (no boots)
Will    .....        (no amulet)
Stlth   +            k - +5 ring of evasion
HPRegen 0.32/turn    (no ring)
MPRegen 0.15/turn

%: no passive effects
@: exhausted, flux-form, glowing
A: glow, contaminating, fangs 1, strong nose, distributed training
a: Begin Untransformation, Renounce Religion, Wall Jump, Serpent's Lash


You were in a bailey.
You worshipped Wu Jian.
Wu Jian was most pleased with you.
You were something dangerously unstable.
You visited 2 branches of the dungeon, and saw 8 of its levels.
You also visited: Bailey.

You collected 484 gold pieces.
You spent 50 gold pieces at shops.

Inventory:

Hand Weapons
 j - a +2 dagger of draining
 q - the +3 dagger of Horiale {heavy, rCorr Dex+3}
   (You found it on level 2 of the Dungeon)

   Dex+3:     It affects your dexterity (+3).
   rCorr:     It protects you from acid and corrosion.
 s - a +1 halberd of venom
Missiles
 m - 28 poisoned darts
 w - 5 boomerangs (quivered)
 B - 2 curare-tipped darts
Armour
 a - a +0 animal skin (worn)
 e - a +0 helmet (worn)
 i - a +1 pair of gloves (worn)
 t - a +2 cloak (worn)
Jewellery
 k - a +5 ring of evasion (left hand)
Talismans
 c - a beast talisman
 d - a flux talisman (active)
Wands
 D - a wand of flame (18)
Scrolls
 g - a scroll of enchant weapon {unknown}
 h - a scroll of revelation
 p - 4 scrolls of teleportation
 u - 2 scrolls of immolation {unknown}
 v - 5 scrolls of identify
 x - 2 scrolls of vulnerability
 y - a scroll of fog {unknown}
 C - a scroll of noise {unknown}
Potions
 b - a potion of lignification
 f - 4 potions of attraction
 l - 5 potions of curing
 n - a potion of berserk rage
 o - 2 potions of enlightenment {unknown}
 r - a potion of brilliance {unknown}
 z - 2 potions of cancellation {unknown}


   Skills:
 + Level 5.6 Fighting
 + Level 4.9 Short Blades
 + Level 4.9 Long Blades
 + Level 4.9 Axes
 + Level 4.9 Maces & Flails
 + Level 4.9 Polearms
 + Level 4.9 Staves
 + Level 4.9 Ranged Weapons
 + Level 4.9 Throwing
 + Level 4.9 Armour
 + Level 6.8 Dodging
 + Level 4.9 Stealth
 + Level 4.9 Shields
 + Level 8.3 Unarmed Combat
 + Level 4.9 Spellcasting
 + Level 4.1 Conjurations
 + Level 4.1 Hexes
 + Level 4.1 Summonings
 + Level 4.1 Necromancy
 + Level 4.1 Translocations
 + Level 4.1 Transmutations
 + Level 4.1 Fire Magic
 + Level 4.1 Ice Magic
 + Level 4.1 Air Magic
 + Level 4.1 Earth Magic
 + Level 4.1 Poison Magic
 + Level 5.4 Invocations
 + Level 4.9 Evocations
 + Level 8.0 Shapeshifting


You had 11 spell levels left.
You knew the following spells:

 Your Spells              Type           Power      Damage    Failure   Level
a - Olgreb's Toxic Radia  Pois           13%        N/A       34%         4
b - Confusing Touch       Hex            13%        N/A       11%         3

Your spell library contained the following spells:

 Spells                   Type           Power      Damage    Failure   Level
 Slow                     Hex            52%        N/A       3%          1
 Ensorcelled Hibernation  Hex/Ice        26%        N/A       5%          2
 Passwall                 Tmut/Erth      10%        N/A       5%          2
 Sigil of Binding         Hex            13%        N/A       11%         3
 Swiftness                Air            13%        N/A       11%         3
 Tukima's Dance           Hex            13%        N/A       11%         3
 Vampiric Draining        Necr           13%        2d6       11%         3
 Passage of Golubria      Tloc           13%        N/A       34%         4
 Yara's Violent Unravell  Hex/Tmut       6%         3d5       67%         5
 Discord                  Hex            6%         N/A       100%        8
 Ignition                 Fire           6%         3d4       100%        8


Dungeon Overview and Level Annotations

Branches:
Dungeon (7/15)             Temple (1/1) D:4          Bailey (1/1)

Altars:
Ashenzari
Cheibriados
Dithmenos
Elyvilon
Gozag
Hepliaklqana
Kikubaaqudgha
Makhleb
Nemelex Xobeh
Okawaru
Qazlal
Ru
Sif Muna
Trog
Uskayaw
Vehumet
Wu Jian
Yredelemnul
Zin
The Shining One

Shops:
D:1 ?

Annotations:
D:5 2 runed translucent doors, casual's ghost, amateur MeBe


Innate Abilities, Weirdness & Mutations

You are something dangerously unstable.
You glow with magical radiation, making you easy to see and hit.
Foes you strike become dangerously contaminated with magical radiation.
You are incapable of wielding weapons or throwing items.
You have very sharp teeth.
Your uncanny sense of smell can sniff out nearby items.
Your experience applies equally to all skills.


Message History

Aiming: Bolt of Light
Press: ? - help, Shift-Dir - straight line, f - orc warlord
Aim: an orc warlord, wielding a +7 battleaxe and wearing a +0 chain mail (81% to hit)
The bolt of light hits the orc warlord!
The orc warlord is lightly wounded.
The orc warlord is blinded.
Okay, then.
Your muscles tense, ready for explosive movement...
You spin and attack the orc warlord, with incredible momentum.
You hit the orc warlord but do no damage.
The orc warlord begins to glow.
The orc warlord is lightly wounded.
You spin and attack the orc warlord, with incredible momentum.
You hit the orc warlord.
The orc warlord glows dangerously bright.
The orc warlord is lightly wounded.
Your supernatural speed expires.
You hit the orc warlord.
The orc warlord shudders as magic cascades through it!!
The orc warlord twists and deforms.
The orc warlord is moderately wounded.
The orc warlord hits you with a +7 battleaxe!!
You barely miss the orc warlord.
The orc warlord is moderately wounded.
The orc warlord is no longer blind.
The orc warlord hits you with a +7 battleaxe!
You hit the orc warlord but do no damage.
The orc warlord begins to glow.
The orc warlord is moderately wounded.
The orc warlord hits you with a +7 battleaxe!!
* * * LOW HITPOINT WARNING * * *
Unknown command.
Aiming: Bolt of Light
Press: ? - help, Shift-Dir - straight line, f/p - orc warlord
Aim: an orc warlord, wielding a +7 battleaxe and wearing a +0 chain mail (moderately wounded, contaminated, misshapen and mutated, 87% to hit)
The bolt of light hits the orc warlord!!
The orc warlord is heavily wounded.
The orc warlord is blinded.
The now-empty wand crumbles to dust.
The orc warlord hits you with a +7 battleaxe!
You die...

##)..)))..)##.....##
.'.........'.....).#
.##.......##....)))##
..#.......#.........#
).##.....##......)..##
...#######...).⌠.....#
..##∆∆∆∆∆##.....°...##
..#∆∆∆∆∆∆∆#....°o)..#
.## ##.)).B..## .#
#.......# ## ##..)..##
# ####)## ##...).##
#.......# ##..o)...##
#.........#
##.........##


You could see an orc warlord (blind, contam, misshapen).

Vanquished Creatures
  A gargoyle (D:6)
  A hornet (D:6)
  A wyvern (D:6)
  A yak (D:6)
  Menkaure (D:6)
  An ice beast (D:6)
  8 orc warriors
  An ogre (D:5)
  2 phantoms
  A bullfrog (D:4)
  3 kobold brigands
  A gnoll sergeant (D:7)
  A scorpion (D:5)
  3 wights (D:6)
  A jelly (D:6)
  Crazy Yiuf (D:6)
  4 hounds
  An orc priest (D:4)
  A sleepcap (D:7)
  6 iguanas
  2 orc wizards
  16 gnolls
  7 adders
  5 shadow imps
  An ufetubus (D:6)
  2 worms (D:4)
  4 dart slugs
  21 orcs
  7 bats
  9 endoplasms
  2 giant cockroaches
  21 goblins
  16 hobgoblins
  9 jackals
  32 kobolds
  3 quokkas
  7 ball pythons
  3 frilled lizards
  3 rats (D:1)
210 creatures vanquished.

Notes
Turn   | Place    | Note
-------+----------+-------------------------------------------
     0 | D:1      | dondy the Gnoll Shapeshifter began the quest for the Orb.
     0 | D:1      | Reached XP level 1. HP: 17/17 MP: 1/1
    81 | D:1      | Reached XP level 2. HP: 22/23 MP: 2/2
   196 | D:1      | Found a transporter.
   196 | D:1      | Found Ozuedouz's Magic Scroll Shoppe.
   220 | D:1      | Reached XP level 3. HP: 28/28 MP: 3/3
   643 | D:1      | Found a transporter.
   791 | D:1      | Bought a scroll of identify for 20 gold pieces
   791 | D:1      | Bought a scroll of teleportation for 30 gold pieces
   885 | D:2      | Reached skill level 1 in Invocations
   896 | D:2      | Found a stormy altar of Qazlal.
  1032 | D:2      | Identified the +3 dagger of Horiale {heavy, rCorr Dex+3}
  1049 | D:2      | Reached skill level 1 in Short Blades
  1049 | D:2      | Reached skill level 1 in Long Blades
  1049 | D:2      | Reached skill level 1 in Axes
  1049 | D:2      | Reached skill level 1 in Maces & Flails
  1049 | D:2      | Reached skill level 1 in Polearms
  1049 | D:2      | Reached skill level 1 in Staves
  1049 | D:2      | Reached skill level 1 in Ranged Weapons
  1049 | D:2      | Reached skill level 1 in Throwing
  1049 | D:2      | Reached skill level 1 in Armour
  1049 | D:2      | Reached skill level 1 in Stealth
  1049 | D:2      | Reached skill level 1 in Shields
  1049 | D:2      | Reached skill level 1 in Spellcasting
  1049 | D:2      | Reached skill level 1 in Evocations
  1453 | D:3      | Reached XP level 4. HP: 34/34 MP: 5/5
  1873 | D:3      | Reached skill level 1 in Conjurations
  1873 | D:3      | Reached skill level 1 in Hexes
  1873 | D:3      | Reached skill level 1 in Summonings
  1873 | D:3      | Reached skill level 1 in Necromancy
  1873 | D:3      | Reached skill level 1 in Translocations
  1873 | D:3      | Reached skill level 1 in Transmutations
  1873 | D:3      | Reached skill level 1 in Fire Magic
  1873 | D:3      | Reached skill level 1 in Ice Magic
  1873 | D:3      | Reached skill level 1 in Air Magic
  1873 | D:3      | Reached skill level 1 in Earth Magic
  1873 | D:3      | Reached skill level 1 in Poison Magic
  2027 | D:3      | Found a burning altar of Makhleb.
  2028 | D:3      | Found an ancient bone altar of Kikubaaqudgha.
  2335 | D:3      | Reached XP level 5. HP: 40/40 MP: 5/7
  2729 | D:4      | Reached XP level 6. HP: 44/47 MP: 8/8
  2805 | D:4      | Found a staircase to the Ecumenical Temple.
  2810 | Temple   | Entered the Ecumenical Temple
  2823 | Temple   | Became a worshipper of the Wu Jian Council
  3035 | D:4      | Learned a level 4 spell: Olgreb's Toxic Radiance
  3092 | D:4      | Reached skill level 5 in Dodging
  3257 | D:5      | Entered Level 5 of the Dungeon
  3406 | D:5      | Reached XP level 7. HP: 44/52 MP: 10/10
  3838 | D:5      | Learned a level 3 spell: Confusing Touch
  3973 | D:5      | Reached * piety under Wu Jian
  4042 | D:5      | Reached XP level 8. HP: 33/60 MP: 12/12
  4377 | D:5      | Found a large runed translucent door.
  4377 | D:5      | Found a large runed translucent door.
  4381 | D:5      | Noticed casual's ghost (amateur MeBe)
  4970 | D:6      | Reached ** piety under Wu Jian
  5052 | D:6      | Noticed a gargoyle
  5063 | D:6      | Killed a gargoyle
  5076 | D:6      | Noticed a hornet
  5085 | D:6      | Killed a hornet
  5185 | D:6      | Noticed a yak
  5199 | D:6      | Killed a yak
  5285 | D:6      | Reached XP level 9. HP: 66/66 MP: 14/14
  5403 | D:6      | Noticed Menkaure
  5426 | D:6      | Killed Menkaure
  5682 | D:6      | Reached skill level 5 in Fighting
  6023 | D:6      | Found a runed translucent door.
  6024 | D:6      | Noticed Crazy Yiuf
  6030 | D:6      | Killed Crazy Yiuf
  6359 | D:7      | Reached skill level 5 in Invocations
  6442 | D:7      | Found a flagged portal.
  6456 | Bailey   | Entered a bailey
  6542 | Bailey   | Reached *** piety under Wu Jian
  7007 | Bailey   | Reached XP level 10. HP: 64/75 MP: 17/17
  7077 | Bailey   | Noticed an orc warlord
  7100 | Bailey   | Slain by an orc warlord

Illustrated notes

Levels and vault maps discovered:
D:1:      ncdulo_wetmaze, layout_loops_ring, serial_shops,
          nicolae_shop_drivethru, nicolae_houndstooth_variations
D:2:      layout_basic, basic_altar
D:3:      layout_loops_cross, grunt_temple_overflow_open, dk_noncrumbling_3
D:4:      layout_loops_ring, minmay_temple_entry_proselytizer,
          hangedman_glass_garden, grunt_decor_junction
D:5:      kennysheep_kobold_camp, layout_basic, ebering_ghost_disaster_area
D:6:      layout_gridville, amcnicky_mini_rare_corridor_liquid,
          minmay_three_doors, uniq_crazy_yiuf_cottage, uniq_menkaure
D:7:      layout_rooms, lemuel_doored_altar, enter_bailey_3, roderic_lattice_a
Temple:   hc_temple_tempest_star
Bailey:   bailey_axe_minmay_hex_keep, bailey

Skill      XL: |  1  2  3  4  5  6  7  8  9 |
---------------+----------------------------+-----
Invocations    | 1 2 3 4 5 |  5.4
Short Blades   | 1 2 3 4 |  4.9
Long Blades    | 1 2 3 4 |  4.9
Axes           | 1 2 3 4 |  4.9
Maces & Flails | 1 2 3 4 |  4.9
Polearms       | 1 2 3 4 |  4.9
Staves         | 1 2 3 4 |  4.9
Ranged Weapons | 1 2 3 4 |  4.9
Throwing       | 1 2 3 4 |  4.9
Armour         | 1 2 3 4 |  4.9
Stealth        | 1 2 3 4 |  4.9
Shields        | 1 2 3 4 |  4.9
Spellcasting   | 1 2 3 4 |  4.9
Evocations     | 1 2 3 4 |  4.9
Conjurations   | 1 2 3 4 |  4.1
Hexes          | 1 2 3 4 |  4.1
Summonings     | 1 2 3 4 |  4.1
Necromancy     | 1 2 3 4 |  4.1
Translocations | 1 2 3 4 |  4.1
Transmutations | 1 2 3 4 |  4.1
Fire Magic     | 1 2 3 4 |  4.1
Ice Magic      | 1 2 3 4 |  4.1
Air Magic      | 1 2 3 4 |  4.1
Earth Magic    | 1 2 3 4 |  4.1
Poison Magic   | 1 2 3 4 |  4.1
Fighting       | 3 4 5 |  5.6
Dodging        | 5 6 |  6.8
Unarmed Combat | 7 8 |  8.3
Shapeshifting  | 7 8 |  8.0

Action                     |  1- 3 |  4- 6 |  7- 9 | 10-12 || total
---------------------------+-------+-------+-------+-------++-------
  Melee: Unarmed           |    60 |   180 |   498 |     9 ||   747
         Punch             |     4 |     1 |       |       ||     5
         Bite              |     3 |    25 |    56 |       ||    84
 Invoke: Serpent's Lash    |       |       |     1 |     1 ||     2
Ability: Lunge             |       |     2 |    26 |       ||    28
         Whirlwind         |       |       |   127 |     2 ||   129
         Wall Jump         |       |       |     1 |       ||     1
  Evoke: Wand              |       |       |       |     2 ||     2
    Use: Scroll            |     1 |     2 |     2 |       ||     5
   Stab: Sleeping          |     5 |     1 |       |       ||     6
         Distracted        |     1 |       |       |       ||     1
 Armour: Animal skin       |    11 |    49 |   128 |     5 ||   193
  Dodge: Dodged            |    32 |   111 |   275 |     2 ||   420
   Form: Flux              |       |     3 |       |       ||     3
         Beast             |       |     2 |       |       ||     2
                           |       |     1 |       |       ||     1

Table legend: (Time is in decaauts)
 A = Elapsed time spent in this place.
 B = Non-inter-level travel time spent in this place.
 C = Inter-level travel time spent in this place.
 D = Time resting spent in this place.
 E = Time spent auto-exploring this place.
 F = Levels seen in this place.
 G = Mean time per level.
                   A        B        C        D        E       F      G
               +--------+--------+--------+--------+--------+-----+--------+
         Total |   7043 |   6763 |    280 |   1152 |   4001 |   9 |  782.6 |
       Dungeon |   6381 |   6114 |    267 |    863 |   3895 |   7 |  911.6 |
        Temple |     26 |     13 |     13 |      0 |      0 |   1 |   26.0 |
        Bailey |    635 |    635 |      0 |    288 |    106 |   1 |  635.0 |
               +--------+--------+--------+--------+--------+-----+--------+

Top non-repeatable levels by time:
     D:5: 1622 daAuts
     D:6: 1248 daAuts
     D:3: 951 daAuts
     D:1: 828 daAuts
     D:2: 724 daAuts
     D:4: 708 daAuts
  Bailey: 635 daAuts
     D:7: 298 daAuts
  Temple: 26 daAuts
